 Dungeon Crawl Stone Soup version 0.31.0-11-ge490571c62 (webtiles) character file.

Game seed: 18272047106408332431

130 Aneyh the Slasher (level 5, -1/34 HPs)
             Began as a Tengu Monk on Feb 5, 2024.
             Slain by Grinder (4 damage)
             ... while paralysed by Grinder
             ... on level 3 of the Dungeon.
             The game lasted 00:04:20 (2186 turns).

Aneyh the Slasher (Tengu Monk)                      Turns: 2186, Time: 00:04:21

Health: -1/34      AC:  2    Str: 11    XL:     5   Next: 13%
Magic:  6/6        EV:  2    Int: 11    God:
Gold:   104        SH:  0    Dex: 18    Spells: 4/4 levels left

rFire   . . .        n - +0 dagger (speed)
rCold   . . .        (no shield)
rNeg    . . .        b - +0 robe
rPois   .            (helmet restricted)
rElec   .            (no cloak)
rCorr   .            (no gloves)
SInv    .            (boots unavailable)
Will    .....        (no amulet)
Stlth   ++           (no ring)
HPRegen 0.25/turn    (no ring)
MPRegen 0.10/turn

%: acrobat
@: paralysed
A: beak, talons 3, acrobatic
a: no special abilities


You were on level 3 of the Dungeon.
You visited 1 branch of the dungeon, and saw 3 of its levels.

You collected 104 gold pieces.

Inventory:

Hand Weapons
 a - a +0 falchion
 n - a +0 dagger of speed (weapon)
 q - a +0 trident
Missiles
 o - 4 poisoned darts (quivered)
Armour
 b - a +0 robe (worn)
 d - an orb of light
 p - a +1 chain mail of fire resistance
Scrolls
 e - 4 scrolls of identify {unknown}
 f - a scroll of teleportation {unknown}
 g - a scroll of blinking {unknown}
 i - a scroll of enchant armour {unknown}
 j - a scroll of vulnerability {unknown}
Potions
 c - a potion of ambrosia
 h - a potion of magic {unknown}
 k - a potion of cancellation {unknown}
 l - a potion of might {unknown}
 m - 2 potions of heal wounds {unknown}


   Skills:
 + Level 4.5 Fighting
 - Level 5.0 Long Blades
 - Level 3.2 Dodging


You had 4 spell levels left.
You didn't know any spells.
Your spell library contained the following spells:

 Spells                   Type           Power      Damage    Failure   Level
 Mercury Vapours          Alch/Air       0%         N/A       47%         2
 Mephitic Cloud           Conj/Alch/Air  0%         N/A       71%         3
 Tukima's Dance           Hex            0%         N/A       71%         3
 Dimensional Bullseye     Hex/Tloc       0%         N/A       98%         4
 Iskenderun's Mystic Bla  Conj/Tloc      0%         2d3       98%         4
 Freezing Cloud           Conj/Ice/Air   0%         6-21      100%        5


Dungeon Overview and Level Annotations

Branches:
Dungeon (3/15)

Altars:

Annotations:
D:2 1 runed translucent door, Sigmund
D:3 Grinder


Innate Abilities, Weirdness & Mutations

You have a beak for a mouth.
You have claws for feet.
You can magically evade attacks while moving or waiting.


Message History

The adder is heavily wounded.
You feel sick.
You hit the adder but do no damage. Your peck misses the adder.
The adder is heavily wounded.
The adder barely misses you.
You hit the adder. Your kick misses the adder. You peck the adder.
You kill the adder!
You feel sick.
You feel sick.
You see here an adder corpse.
You feel sick.
You are no longer poisoned.
You now have 104 gold pieces (gained 7).
e - 4 scrolls labelled ATAREW AFAIVVA (gained 1)
You start resting.
HP restored.
A goblin comes into view. It is wielding a +0 club.
A bat comes into view.
The goblin shouts!
The bat barely misses you.
The goblin unwields a +0 club.
The goblin wields a +0 sling.
The goblin shoots a sling bullet.
The sling bullet completely misses you.
Grinder comes into view.
Found a scroll labelled ZUCAIV TAEPPUM.
The bat completely misses you.
You barely miss Grinder. You claw Grinder. You peck Grinder, but do no damage.
Grinder is lightly wounded.
The bat hits you but does no damage.
You hit Grinder but do no damage. You claw Grinder, but do no damage.
You peck Grinder.
Grinder is lightly wounded.
Grinder gestures at you.
You suddenly lose the ability to move!
The bat hits you. Grinder hits you.
The goblin shoots a sling bullet.
The sling bullet hits you. The bat hits you but does no damage.
Grinder hits you!
The goblin shoots a sling bullet.
The sling bullet hits you. The bat hits you. Grinder hits you!
* * * LOW HITPOINT WARNING * * *
You writhe in agony.
You die...
Grinder says, "Now the real fun starts!"

#.# #.##.#.###<##..
#.# #...........#..
#.# #####.......#..
#.#### #.......#..
#....# #.......###
####.#####.......#
####.......(......#
#.....#..##########
#.##@##..# #
#b5?..# #g.##.#
...# # ...# ....#
..... ..##.#


You could see Grinder, a goblin and a bat.

Vanquished Creatures
  An orc priest (D:3)
  3 adders
  5 dart slugs
  2 ribbon worms
  6 orcs
  4 endoplasms
  4 giant cockroaches
  2 goblins (D:2)
  A hobgoblin (D:3)
  5 kobolds
  2 quokkas (D:2)
  11 ball pythons
  3 bats
  7 frilled lizards
  2 rats
58 creatures vanquished.

Notes
Turn   | Place    | Note
-------+----------+-------------------------------------------
     0 | D:1      | Aneyh the Tengu Monk began the quest for the Orb.
     0 | D:1      | Reached XP level 1. HP: 14/14 MP: 2/2
    98 | D:1      | Reached XP level 2. HP: 18/19 MP: 3/3
   144 | D:1      | Reached skill level 4 in Long Blades
   891 | D:2      | Reached XP level 3. HP: 19/23 MP: 4/4
   919 | D:2      | Noticed Sigmund
  1176 | D:2      | Reached skill level 5 in Long Blades
  1393 | D:2      | Reached XP level 4. HP: 7/28 MP: 5/5
  1545 | D:2      | Found a runed translucent door.
  1953 | D:3      | Reached XP level 5. HP: 34/34 MP: 6/6
  2181 | D:3      | Noticed Grinder
  2183 | D:3      | Paralysed by Grinder for 4 turns
  2186 | D:3      | Slain by Grinder

Illustrated notes

Levels and vault maps discovered:
D:1:      lightli_arrival_quake, layout_basic, minmay_statues_item,
          dk_noncrumbling_4
D:2:      layout_loops_ring, minmay_misc_feat_cross, minmay_hedge_maze,
          hangedman_feature_mirror, minmay_lizard_pond, uniq_sigmund,
          uniq_crazy_yiuf_cottage
D:3:      layout_basic, uniq_grinder

Skill      XL: |  1  2  3  4 |
---------------+-------------+-----
Long Blades    | 4 5 |  5.0
Fighting       | 4 |  4.5
Dodging        | |  3.2

Action                     |  1- 3 |  4- 6 || total
---------------------------+-------+-------++-------
  Melee: Falchion          |    79 |    28 ||   107
         Kick              |    19 |    24 ||    43
         Peck              |     7 |    17 ||    24
         Dagger            |       |    41 ||    41
   Stab: Sleeping          |     3 |       ||     3
 Armour: Robe              |    34 |    27 ||    61
  Dodge: Dodged            |    64 |    44 ||   108
